 Dungeon Crawl Stone Soup version 0.22-a0-240-g539252a (webtiles) character file.

20 tidbits the Insei (level 2, 9/23 HPs)
             Began as a Gnoll Transmuter on Feb 21, 2018.
             Quit the game on level 2 of the Dungeon.
             The game lasted 00:01:39 (219 turns).

tidbits the Insei (Gnoll Transmuter)                 Turns: 219, Time: 00:01:40

Health: 9/23       AC:  3    Str: 12    XL:     2   Next: 79%
Magic:  7/7        EV: 14    Int: 15    God:
Gold:   8          SH:  0    Dex: 15    Spells: 7/10 levels left

rFire    . . .     SeeInvis .     - Unarmed
rCold    . . .     Gourm    .   (no shield)
rNeg     . . .     Faith    .   B - +0 robe
rPois    .         Spirit   .   (no helmet)
rElec    .         Reflect  .   C - +0 cloak
rCorr    .         Harm     .   (no gloves)
MR       .....                  (no boots)
Stlth    ++........             f - amulet of inaccuracy (curse)
HPRegen  0.07/turn              (no ring)
MPRegen  0.10/turn              (no ring)

@: appendage (expiring), very slightly contaminated
A: distributed training, fangs 1, horns 2, strong nose
a: End Transformation


You were on level 2 of the Dungeon.
You were not hungry.
You had grown temporary horns.
You visited 1 branch of the dungeon, and saw 3 of its levels.

You collected 8 gold pieces.

Inventory:

Hand Weapons
 d - a +0 dagger
Missiles
 a - 12 arrows
Armour
 e - a +0 ring mail
 B - a +0 robe (worn)
 C - a +0 cloak (worn)
Jewellery
 f - a cursed amulet of inaccuracy (around neck)
   (You found it on level 2 of the Dungeon)
Comestibles
 c - a ration


   Skills:
 + Level 2.5 Fighting
 + Level 0.5 Short Blades
 + Level 0.5 Long Blades
 + Level 0.5 Axes
 + Level 0.5 Maces & Flails
 + Level 0.5 Polearms
 + Level 0.5 Staves
 + Level 0.5 Slings
 + Level 0.5 Bows
 + Level 0.5 Crossbows
 + Level 0.5 Throwing
 + Level 0.5 Armour
 + Level 4.5 Dodging
 + Level 0.5 Stealth
 + Level 0.5 Shields
 + Level 6.5 Unarmed Combat
 + Level 4.9 Spellcasting
 + Level 0.3 Conjurations
 + Level 0.3 Hexes
 + Level 0.3 Charms
 + Level 0.3 Summonings
 + Level 0.3 Necromancy
 + Level 0.3 Translocations
 + Level 3.7 Transmutations
 + Level 0.3 Fire Magic
 + Level 0.3 Ice Magic
 + Level 0.3 Air Magic
 + Level 0.3 Earth Magic
 + Level 0.3 Poison Magic
 + Level 0.6 Invocations
 + Level 0.5 Evocations


You had 7 spell levels left.
You knew the following spells:

 Your Spells              Type           Power        Failure   Level  Hunger
e - Beastly Appendage     Tmut           ##....       3%          1    None
k - Sticks to Snakes      Tmut           ##......     5%          2    ##.....


Dungeon Overview and Level Annotations

Branches:
Dungeon (3/15)

Altars:


Innate Abilities, Weirdness & Mutations

Your experience applies equally to all skills.
You have very sharp teeth.
Your uncanny sense of smell can sniff out nearby items.
You have a pair of horns on your head.


Message History

You hit the giant cockroach.
You kill the giant cockroach!
The goblin shouts!
A giant cockroach comes into view.
You hit the goblin. Your kick misses the goblin.
The goblin is heavily wounded.
The goblin hits you with a dagger.
You miss the goblin. You bite the goblin.
The goblin is severely wounded.
The goblin hits you with a dagger.
* * * LOW HITPOINT WARNING * * *
You hit the goblin but do no damage.
You kill the goblin!
You hit the giant cockroach.
You kill the giant cockroach!
You have reached level 2!
Things that are here:
a dagger; a giant cockroach corpse; a goblin corpse You open the door.
A hobgoblin comes into view.
Found 8 gold pieces and a scroll labeled ARILEBLEGU.
Casting: Beastly Appendage (safe; 3% risk of failure)
Confirm with . or Enter, or press ? or * to list all spells.
You extend your transformation's duration.
A bat comes into view.
There is an open door here.
You hit the bat.
You kill the bat!
The hobgoblin hits you.
* * * LOW HITPOINT WARNING * * *
You hit the hobgoblin but do no damage. The hobgoblin closely misses you.
You punch the hobgoblin!
You kill the hobgoblin!
Memorise Sticks to Snakes, consuming 2 spell levels and leaving 7?
You start memorising the spell.
You continue memorising. x2
Magic restored.
You finish memorising.
Spell assigned to 'k'.
There is an open door, spattered with blood here.
Found a leather armour.
Your transformation is almost over.
You see here 8 gold pieces.
You now have 8 gold pieces.
You see here a scroll labeled ARILEBLEGU.
b - a scroll labeled ARILEBLEGU Your talons disappear.
You open the door.
Found a stone staircase leading up.
There is an open door here.
Casting: Beastly Appendage (safe; 3% risk of failure)
Confirm with . or Enter, or press ? or * to list all spells.
Your feet morph into talons.
A giant cockroach comes into view.
The giant cockroach misses you.
There is a stone staircase leading up here.
You barely miss the giant cockroach. The giant cockroach closely misses you.
You hit the giant cockroach.
You kill the giant cockroach!
You see here a giant cockroach corpse.
There is a stone staircase leading up here.
Your transformation is almost over.
You climb upwards.
There is a stone staircase leading down here.
You open the door.
There is a stone staircase leading down here.
You climb downwards.
There is a stone staircase leading up here.
Unknown command.
Your talons disappear.
Found a ring mail.
You see here a ring mail.
e - a ring mail An adder comes into view.
Casting: Beastly Appendage (safe; 3% risk of failure)
Confirm with . or Enter, or press ? or * to list all spells.
You grow a pair of large bovine horns.
You punch the adder!
The adder is severely wounded.
The adder bites you.
* * * LOW HITPOINT WARNING * * *
You closely miss the adder. Your headbutt misses the adder.
Your punch misses the adder.
The adder is severely wounded.
The adder barely misses you.
You hit the adder.
You kill the adder!
You see here an adder corpse.
Magic restored.
Found a glowing blue amulet.
Your transformation is almost over.
You see here a glowing blue amulet.
f - a glowing blue amulet Put on which piece of jewellery? (? for menu, Esc to quit)
Oops, that amulet feels deathly cold.
f - a cursed amulet of inaccuracy (around neck) Blink to where?
Press: ? - help, Dir - move target cursor You are very lightly contaminated with residual magic.
As you read the scroll labeled ARILEBLEGU, it crumbles to dust.
It was a scroll of blinking.
Are you sure you want to abandon this character and quit the game? (Confirm with "yes".)

##[....## ##...##
### ##+## #.# # #
#.# .# ## #.#
#.###. #.# #...##.
#.##########.....#.
#.@...†.....# ##
###########.# #
#.####### #........
#########


There were no monsters in sight!

Vanquished Creatures
  An adder (D:2)
  3 giant cockroaches (D:2)
  A goblin (D:2)
  A hobgoblin (D:2)
  3 kobolds (D:1)
  A bat (D:2)
10 creatures vanquished.

Notes
Turn   | Place    | Note
-------+----------+-------------------------------------------
     0 | D:1      | tidbits the Gnoll Transmuter began the quest for the Orb.
     0 | D:1      | Reached XP level 1. HP: 17/17 MP: 6/6
   102 | D:3      | Noticed an orc wizard
   115 | D:2      | Reached XP level 2. HP: 9/23 MP: 5/7
   137 | D:2      | Learned a level 2 spell: Sticks to Snakes
   219 | D:2      | Quit the game

Vault maps used:
D:1:      dpeg_arrival_erosion
D:2:      kb_forest_paths, elyvilon_altar_3
D:3:      wad_crossroads, lemuel_round_altar, led_xom_imps, uniq_sigmund

Action                   || total
-------------------------++-------
Melee: Unarmed           ||    22
       Kick              ||     2
       Bite              ||     1
 Cast: Beastly Appendage ||     6
  Use: Scroll            ||     1
 Stab: Sleeping          ||     1
Armor: Robe              ||     1
Dodge: Dodged            ||    11

Table legend:
 A = Spawn XP
 B = Non-spawn XP
 C = Spawn XP percentage of total XP
 D = Spawn monster count
 E = Non-spawn monster count
 F = Spawn count percentage of total count
 G = Total turns spent on level
                    A         B        C        D         E        F      G
               +---------+---------+-------+---------+---------+-------+---------
         Total |       0 |      29 |   0.0 |       0 |      10 |   0.0 |   219
               +---------+---------+-------+---------+---------+-------+---------
           D:1 |       0 |       5 |   0.0 |       0 |       3 |   0.0 |    82
           D:2 |       0 |      24 |   0.0 |       0 |       7 |   0.0 |   135
               +---------+---------+-------+---------+---------+-------+---------

Table legend:
 A = Turns spent in this place as a percentage of turns spent in the entire game.
 B = Non-inter-level travel turns spent in this place as a percentage of non-inter-level travel turns spent in the entire game.
 C = Inter-level travel turns spent in this place as a percentage of turns spent in this place.
 D = Turns resting spent in this place as a percentage of non-inter-level travel turns spent in this place.
 E = Turns spent auto-exploring this place as a percentage of non-inter-level travel turns spent in this place.
 F = Non-inter-level travel turns spent in this place divided by the number of levels of this place that you've seen.
                   A       B       C       D       E      F
               +-------+-------+-------+-------+-------+----------------------
         Total | 100.0 | 100.0 |   0.0 |   0.0 |   0.0 |  73.0
       Dungeon | 100.0 | 100.0 |   0.0 |   0.0 |   0.0 |  73.0
               +-------+-------+-------+-------+-------+----------------------

Table legend:
 A = Kills in this place as a percentage of kills in entire the game.
 B = Kills by you in this place as a percentage of kills by you in the entire game.
 C = Kills by friends in this place as a percentage of kills by friends in the entire game.
 D = Other kills in this place as a percentage of other kills in the entire game.
 E = Experience gained in this place as a percentage of experience gained in the entire game.
 F = Experience gained in this place divided by the number of levels of this place that you have seen.
                   A       B       C       D       E      F
               +-------+-------+-------+-------+-------+----------------------
         Total | 100.0 | 100.0 |   N/A |   N/A | 100.0 |   9.7
       Dungeon | 100.0 | 100.0 |   N/A |   N/A | 100.0 |   9.7
               +-------+-------+-------+-------+-------+----------------------

Vault maps used:
D:1:      dpeg_arrival_erosion
D:2:      kb_forest_paths, elyvilon_altar_3
D:3:      wad_crossroads, lemuel_round_altar, led_xom_imps, uniq_sigmund
